 Dungeon Crawl Stone Soup version 0.26.1-11-gd32895ea62 (webtiles) character file.

Game seed: 16792172614265396998

2026 Bergy the Cleaver (level 9, -5/73 HPs)
             Began as a Palentonga Fighter on July 15, 2021.
             Was a Believer of Makhleb.
             Shot with an arrow by a centaur (8 damage)
             ... on level 8 of the Dungeon.
             The game lasted 00:23:51 (8047 turns).

Bergy the Cleaver (Palentonga Fighter)              Turns: 8047, Time: 00:23:52

Health: -5/73      AC: 14    Str: 23    XL:     9   Next: 3%
Magic:  9/9        EV:  6    Int:  8    God:    Makhleb [**....]
Gold:   485        SH:  9    Dex: 14    Spells: 8/8 levels left

rFire    . . .     SeeInvis +   n - +0 war axe (drain)
rCold    + . .     Faith    .   c - +0 kite shield
rNeg     + . .     Spirit   .   x - +0 ring mail
rPois    .         Reflect  .   t - +1 hat
rElec    +         Harm     .   (no cloak)
rCorr    .         Rampage  .   (no gloves)
Will     .....                  (no barding)
Stlth    +.........             (no amulet)
HPRegen  0.22/turn              b - ring of positive energy
MPRegen  0.11/turn              a - ring "Korol" {rElec rC+ Dex+4}

@: lethally poisoned (-5 -> -7), flying, curled up
A: large, rugged brown scales 3, see invisible, deformed body, roll 1, armoured
tail, reflexive curl
a: Rolling Charge, Renounce Religion, Minor Destruction


You were on level 8 of the Dungeon.
You worshipped Makhleb.
Makhleb was pleased with you.
You visited 1 branch of the dungeon, and saw 8 of its levels.

You collected 485 gold pieces.

Inventory:

Hand Weapons
 n - a +0 war axe of draining (weapon)
 v - a +3 flail
Armour
 c - a +0 kite shield (worn)
 t - a +1 hat (worn)
 x - a +0 ring mail (worn)
Jewellery
 a - the ring "Korol" (right hand) {rElec rC+ Dex+4}
   (You found it on level 6 of the Dungeon)

   [ring of protection from cold]

   It affects your dexterity (+4).
   It protects you from cold.
   It insulates you from electricity.
 b - a ring of positive energy (left hand)
 h - an uncursed ring of protection from cold
 p - an uncursed ring of willpower
Scrolls
 f - a scroll of blinking {unknown}
 g - 3 scrolls of identify
 k - 2 scrolls of remove curse
 m - 2 scrolls of amnesia
 o - a scroll of immolation {unknown}
 q - 5 scrolls of teleportation
 s - 2 scrolls of magic mapping
 w - a scroll of acquirement {unknown}
 y - 4 scrolls of enchant armour {unknown}
Potions
 d - 3 potions of might
 e - 3 potions of curing {unknown}
 i - 4 potions of brilliance {unknown}
 j - 2 potions of magic
 l - a potion of attraction {unknown}
 r - a potion of resistance
 u - a potion of haste
 z - a potion of mutation {unknown}
 B - a potion of flight


   Skills:
 - Level 3.0 Fighting
 * Level 11.7 Axes
 - Level 2.4 Armour
 - Level 2.4 Shields


You had 8 spell levels left.
You didn't know any spells.
Your spell library was empty.

Dungeon Overview and Level Annotations

Branches:
Dungeon (8/15)             Temple (0/1) D:4
   Lair: D:8-11

Altars:
Ashenzari
Dithmenos
Elyvilon
Hepliaklqana
Makhleb
Trog
Uskayaw


Innate Abilities, Weirdness & Mutations

You are completely covered in rugged brown scales. (AC +3, +7% HP)
You have supernaturally acute eyesight. (SInv)
Armour fits poorly on your strangely shaped body.
You can roll at nearby foes to attack.
You have a long armoured tail.
You curl defensively after being hit.


Message History

Makhleb accepts your kill.
You feel sick. You block the killer bee's attack.
The killer bee stings you but does no damage.
The centaur zaps a wand.
You are blasted!
* * * LOW HITPOINT WARNING * * *
You miss the killer bee.
The killer bee is severely wounded.
You block the killer bee's attack.
The killer bee stings you but does no damage.
The centaur zaps a wand.
You struggle to resist.
Unknown command.
It was a potion of flight.
You feel very buoyant.
You fly up into the air.
* * * LOW HITPOINT WARNING * * *
You feel sick.
The killer bee stings you but does no damage.
The killer bee barely misses you. You block the bullfrog's attack.
The centaur shoots an arrow.
The arrow hits you!
You die...

......+. ..
......#..#.## .#
.....#..#.. . ..
#+##....#..#.##. ##.
#..#....#...... ..
#..#....+....# .#
#..'.<..#....####.###.##
#..#....#..#....yF......
####....#..#..c)@)#..#.
#..).#.........#
#..))'.(.......#
#..).#.[.......'.
#....###########..
#####........ ###
#........ #........
#........


You could see a bullfrog, a centaur and a killer bee (drained).

Vanquished Creatures
  Maggie (D:5)
  An orc warrior (D:8)
  A black bear (D:7)
  A sky beast (D:6)
  An ogre (D:7)
  2 phantoms
  2 big kobolds
  A bullfrog (D:7)
  A scorpion (D:4)
  A killer bee (D:8)
  3 howler monkeys
  2 bullfrog zombies
  3 hounds
  5 orc wizards
  4 orc priests
  An iguana (D:4)
  2 worker ants
  3 gnolls (D:2)
  9 adders
  An ufetubus (D:5)
  An ooze (D:3)
  An adder skeleton (D:6)
  2 adder zombies (D:5)
  2 worms
  2 dart slugs (D:2)
  5 leopard geckos
  34 orcs
  4 giant cockroaches
  7 goblins
  7 hobgoblins
  5 jackals (D:2)
  2 quokkas (D:7)
  A ball python (D:4)
  13 bats
  4 frilled lizards
  15 kobolds
  A leopard gecko skeleton (D:5)
  11 rats
162 creatures vanquished.

Notes
Turn   | Place    | Note
-------+----------+-------------------------------------------
     0 | D:1      | Bergy the Palentonga Fighter began the quest for the Orb.
     0 | D:1      | Reached XP level 1. HP: 20/20 MP: 1/1
   179 | D:1      | Reached XP level 2. HP: 27/27 MP: 2/2
   319 | D:1      | Reached skill level 3 in Axes
  1258 | D:2      | Reached XP level 3. HP: 33/33 MP: 3/3
  1659 | D:2      | Reached skill level 4 in Axes
  1666 | D:2      | HP: 1/33 [gnoll/+0 halberd (10)]
  1961 | D:2      | Found a bloodstained altar of Trog.
  1973 | D:2      | Reached XP level 4. HP: 37/40 MP: 4/4
  2802 | D:3      | Reached skill level 5 in Axes
  2802 | D:3      | Reached XP level 5. HP: 35/48 MP: 5/5
  3680 | D:4      | Found a hazy altar of Hepliaklqana.
  3680 | D:4      | Found a broken altar of Ashenzari.
  3683 | D:4      | Found a white marble altar of Elyvilon.
  3683 | D:4      | Found a burning altar of Makhleb.
  3708 | D:4      | Found a hide-covered altar of Uskayaw.
  3713 | D:4      | Found a shadowy altar of Dithmenos.
  3719 | D:4      | Became a worshipper of Makhleb the Destroyer
  3747 | D:4      | Reached skill level 6 in Axes
  3896 | D:4      | Found a staircase to the Ecumenical Temple.
  3946 | D:4      | Reached XP level 6. HP: 26/54 MP: 6/6
  4421 | D:4      | Reached skill level 7 in Axes
  4679 | D:5      | Entered Level 5 of the Dungeon
  4985 | D:5      | Found a shadowy altar of Dithmenos.
  5340 | D:5      | Gained mutation: You curl defensively after being hit.
                  | [Palentonga growth]
  5340 | D:5      | Reached XP level 7. HP: 47/60 MP: 7/7
  5687 | D:5      | Reached skill level 8 in Axes
  6424 | D:6      | Got a brightly glowing dagger
  6453 | D:6      | Reached * piety under Makhleb
  6674 | D:6      | Noticed Maggie
  6816 | D:5      | Killed Maggie
  6817 | D:5      | Reached skill level 9 in Axes
  6817 | D:5      | Reached XP level 8. HP: 9/67 MP: 8/8
  7150 | D:6      | Got a clouded pewter ring
  7158 | D:6      | Identified the ring "Korol" {rElec rC+ Dex+4} (You found it
                  | on level 6 of the Dungeon)
  7388 | D:7      | Reached skill level 10 in Axes
  7803 | D:7      | Identified the +7 dagger of Inconvenience {venom, +Rage
                  | SInv} (You found it on level 6 of the Dungeon)
  7811 | D:7      | Reached ** piety under Makhleb
  7812 | D:7      | Reached skill level 11 in Axes
  8040 | D:8      | Reached XP level 9. HP: 38/73 MP: 9/9
  8045 | D:8      | HP: 3/73 [disintegration (22)]
  8047 | D:8      | Shot with an arrow by a centaur

Illustrated notes

Levels and vault maps discovered:
D:1:      shiori_arrival_elements, layout_loops_ring
D:2:      layout_basic, serial_forest, infiniplex_forest_lined_4_way,
          infiniplex_forest_straight_5, infiniplex_forest_corner_1,
          infiniplex_forest_lined_ring, infiniplex_forest_clump_curved,
          infiniplex_forest_end_3, dk_noncrumbling_3, trog_butcher_becter
D:3:      layout_rooms
D:4:      layout_basic, grunt_temple_overflow_open, temple_fountains,
          serial_bayou_crossing
D:5:      layout_basic, basic_altar, kennysheep_generic_room_14
D:6:      layout_gridville, uniq_maggie
D:7:      layout_basic, kennysheep_windowed_goal
D:8:      layout_gridville, serial_shops, shop, minmay_diced_spiral,
          uniq_maurice

Skill      XL: |  1  2  3  4  5  6  7  8 |
---------------+-------------------------+-----
Axes           | 3 4 5 6 7 9 11 | 11.7
Fighting       | |  3.0
Armour         | |  2.4
Shields        | |  2.4

Action                   |  1- 3 |  4- 6 |  7- 9 || total
-------------------------+-------+-------+-------++-------
Melee: War axe           |   142 |   179 |   176 ||   497
       Tailslap          |    12 |    14 |    21 ||    47
       Hand axe          |       |       |    11 ||    11
  Use: Scroll            |       |     6 |       ||     6
       Potion            |       |       |     2 ||     2
Armor: Scale mail        |   107 |    69 |       ||   176
       Ring mail         |       |     4 |    73 ||    77
Dodge: Dodged            |    40 |    36 |    38 ||   114
Block: Kite shield       |    95 |    81 |    77 ||   253
